Map: Pillars of Gold LE

Players

ByuN

  • Race: Terran Terran
  • Spawn Location: 7:00

Solar - Winner!

  • Race: Zerg Zerg
  • Spawn Location: 1:00

Event: IEM Katowice 2021

VOD

Have the link to the VOD?

Description

Time

  • Played on: Feb. 22, 2021, 12:14 p.m.
  • Length: 15:21

All games in this series

Show
View Real Time Build Order
Export as new Build Order

ByuN Terran 

Build Orders: Reaper Expand, Hellion Banshee 

Get SALT Encoding   

  12  0:00  SCV  
  13  0:12  SCV  
  14  0:17  Supply Depot  
  14  0:24  SCV  
  15  0:39  SCV  
  15  0:40  Barracks  
  16  0:44  Refinery  
  16  0:51  SCV  
  17  1:03  SCV  
  18  1:15  SCV  
  19  1:26  Reaper  
  19  1:27  Orbital Command  
  20  1:41  Command Center  
  20  1:53  SCV  
  20  1:54  Supply Depot  
  21  1:58  Marine  
  22  2:05  SCV  
  23  2:09  Factory  
  23  2:17  SCV  
  23  2:18  Refinery  
  23  2:21  Barracks Reactor  
  24  2:30  SCV  
  25  2:42  SCV  
  26  2:52  Starport  
  26  2:53  Orbital Command  
  26  2:55  SCV  
  27  3:03  Hellion x2  
  31  3:07  Barracks Tech Lab  
  31  3:08  SCV  
  32  3:17  Supply Depot  
  32  3:24  SCV x2  
  32  3:25  Hellion x2  
  38  3:33  Cloaking Field  
  38  3:34  Banshee  
  38  3:38  SCV x2  
  38  3:40  Marine  
  44  3:46  Hellion  
  48  3:48  Hellion  
  48  3:50  SCV  
  48  3:51  SCV  
  50  3:55  Supply Depot  
  50  4:02  SCV  
  50  4:03  SCV  
  50  4:07  Armory  
  52  4:16  Hellion  
  54  4:17  Hellion  
  54  4:19  Supply Depot  
  54  4:22  SCV x2  
  54  4:23  Banshee  
  61  4:24  Barracks Tech Lab  
  61  4:34  SCV  
  62  4:40  SCV  
  62  4:44  Command Center  
  63  4:46  SCV  
  63  4:52  SCV  
  65  4:54  Factory Reactor  
  65  4:55  Stimpack  
  65  5:00  Hellion x8  
  65  5:02  SCV  
  65  5:03  Barracks  
  65  5:04  SCV  
  65  5:05  Barracks  
  67  5:10  Engineering Bay  
  67  5:11  Engineering Bay  
  67  5:15  SCV  
  67  5:16  SCV  
  67  5:20  Marine  
  69  5:25  Refinery  
  69  5:26  Refinery  
  70  5:28  SCV  
  70  5:30  Starport Reactor  
  70  5:32  Supply Depot  
  70  5:34  SCV  
  71  5:37  Terran Infantry Armor Level 1, Terran Infantry Weapons Level 1  
  71  5:41  SCV  
  72  5:43  Factory Reactor  
  72  5:46  SCV  
  73  5:50  Marine x3  
  73  5:54  Barracks x2  
  76  5:59  SCV x2  
  78  6:06  Marine x2  
  78  6:07  Medivac x2  
  84  6:11  Marine x2  
  84  6:14  Marine  
  84  6:16  Orbital Command  
  87  6:19  SCV x2  
  87  6:24  Widow Mine x2, Marine x2  
  95  6:29  Supply Depot  
  95  6:30  Supply Depot  
  95  6:37  Marine x3  
  98  6:41  Marine, Combat Shield  
  98  6:42  Marine  
  98  6:45  Barracks Reactor x2  
  98  6:47  Orbital Command  
  100  6:51  Widow Mine x2, SCV x2  
  106  6:54  Supply Depot  
  106  6:55  Supply Depot  
  106  7:07  Marine x5  
  109  7:09  SCV  
  109  7:10  SCV  
  109  7:13  Supply Depot  
  109  7:14  Supply Depot  
  109  7:15  Supply Depot x2  
  110  7:17  SCV  
  110  7:21  SCV  
  110  7:22  SCV  
  113  7:23  Supply Depot  
  113  7:24  Missile Turret  
  113  7:25  Medivac  
  113  7:27  Medivac  
  117  7:34  Marine x6  
  122  7:37  Marine x3  
  122  7:41  SCV x3  
  128  7:51  Marine  
  128  7:52  Marine x5  
  128  7:55  Marine x2  
  128  7:57  Supply Depot  
  136  7:58  Supply Depot  
  136  7:59  Widow Mine x2  
  136  8:01  Medivac  
  142  8:10  Terran Infantry Armor Level 2, Terran Infantry Weapons Level 2  
  142  8:14  Marauder  
  142  8:15  Marine  
  142  8:16  Marine  
  142  8:17  Marine, Orbital Command  
  147  8:20  Widow Mine x2  
  147  8:21  Medivac  
  149  8:32  Medivac  
  132  8:34  SCV x2  
  121  8:42  Widow Mine x2, SCV  
  121  8:43  Marine x4  
  121  8:44  Marine  
  121  8:46  SCV  
  121  8:48  SCV  
  133  8:51  Medivac  
  124  8:58  SCV x2  
  124  9:00  SCV  
  123  9:05  Widow Mine x2  
  123  9:06  Marine x3  
  123  9:07  Marine  
  123  9:08  Marine  
  123  9:09  Marine x2  
  134  9:10  Marine  
  135  9:26  Widow Mine x2  
  135  9:28  Marine x3  
  135  9:29  Marine x6  
  131  9:40  SCV  
  127  9:46  Marine  
  127  9:47  Widow Mine x2  
  127  9:50  Marine x3  
  127  9:51  Marine x3  
  127  9:52  Marine  
  134  9:59  Medivac  
  137  10:06  SCV x2, Marine x2  
  131  10:08  Marine  
  131  10:09  Widow Mine, Marine  
  135  10:15  SCV  
  135  10:20  Concussive Shells  
  136  10:25  Marauder  
  136  10:27  Marine  
  136  10:28  Marine x3  
  134  10:32  Marine x3  
  134  10:36  Marine  
  135  10:43  Widow Mine x2  
  135  10:45  Marine  
  135  10:46  Marauder, Marine  
  135  10:47  Marine  
  144  11:01  Marine x3  
  144  11:02  Marine x2  
  147  11:07  Marauder  
  149  11:12  Terran Infantry Armor Level 3  
  149  11:15  Command Center  
  125  11:21  Marine x2  
  125  11:22  Marine x6  
  125  11:25  Widow Mine  
  123  11:29  Marauder  
  125  11:39  Marine x2  
  127  11:40  Marine x4  
  128  11:50  Marauder  
  128  11:52  Marine x2  
  132  11:54  Medivac  
  132  11:57  Marine x2  
  132  11:58  Medivac, Marine  
  132  11:59  Terran Infantry Weapons Level 3  
  132  12:00  Marine x3  
  142  12:02  SCV x3  
  143  12:09  Widow Mine x2  
  145  12:17  Marine  
  145  12:18  Marine x2  
  145  12:20  Marauder, Barracks x3  
  150  12:24  Medivac  
  150  12:27  Marine x4  
  150  12:28  Marine  
  155  12:30  Widow Mine x2  
  155  12:35  Marine x2  
  147  12:42  Marine x2  
  138  12:44  Marine  
  138  12:45  Marine x2  
  138  12:46  Medivac  
  138  12:49  Marine x2  
  132  12:52  Widow Mine x2  
  132  12:54  Medivac  
  125  13:00  Marauder  
  125  13:02  Marine x3  
  112  13:06  SCV x3  
  112  13:09  Orbital Command  
  115  13:13  Marine, Barracks Tech Lab x2  
  115  13:15  Marine x5  
  121  13:22  Marauder  
  121  13:34  Marauder  
  117  13:38  Marauder x2  
  117  13:41  Marine x7  
  117  13:43  Marauder  
  117  13:47  Widow Mine x2  
  127  14:03  Marauder  
  127  14:04  Marauder x2  
  127  14:07  Orbital Command  
  129  14:15  Marauder  
  127  14:25  Marauder x3  
  127  14:26  Widow Mine x2  
  136  14:36  Medivac, Marauder  
  137  14:40  Marine  
  137  14:41  Marine x6  
  137  14:45  SCV x2  
  146  14:46  Marauder  
  141  14:55  Marauder x2  
Show
View Real Time Build Order
Export as new Build Order

Solar Zerg - Winner!

Build Orders: Hatch First, Lurkers 

Get SALT Encoding   

  12  0:00  Drone  
  13  0:12  Overlord  
  13  0:17  Drone  
  14  0:30  Drone x2  
  16  0:49  Hatchery  
  15  0:52  Drone  
  16  0:57  Drone  
  16  1:00  Drone  
  18  1:15  Spawning Pool  
  17  1:19  Drone  
  17  1:22  Drone  
  19  1:29  Drone  
  19  1:32  Extractor  
  19  1:40  Drone  
  20  1:50  Drone  
  21  2:02  Zergling x4, Queen x2  
  27  2:12  Overlord  
  27  2:14  Drone  
  28  2:26  Spore Crawler  
  27  2:32  Drone  
  27  2:36  Hatchery, Drone  
  29  2:45  Queen  
  29  2:48  Drone  
  32  2:52  Metabolic Boost  
  32  2:57  Overlord  
  32  3:01  Drone  
  32  3:03  Drone  
  34  3:06  Drone  
  34  3:07  Drone  
  36  3:16  Drone x3  
  39  3:21  Drone x2  
  39  3:25  Pneumatized Carapace  
  41  3:30  Queen  
  43  3:34  Overlord  
  43  3:36  Drone  
  43  3:40  Overlord  
  44  3:47  Queen  
  46  3:48  Zergling x2  
  46  3:49  Zergling x2  
  46  3:50  Drone  
  46  3:54  Drone x2  
  51  3:57  Drone  
  51  3:58  Drone  
  51  3:59  Drone  
  51  4:01  Zergling x2  
  55  4:06  Queen  
  55  4:09  Overlord  
  57  4:10  Drone  
  57  4:13  Overlord  
  57  4:16  Zergling x2  
  59  4:19  Spore Crawler  
  59  4:20  Drone x2  
  59  4:23  Spore Crawler  
  59  4:24  Drone  
  59  4:29  Baneling Nest  
  59  4:31  Drone, Spore Crawler  
  59  4:36  Zergling x4  
  59  4:37  Spore Crawler  
  60  4:42  Drone x3  
  63  4:47  Drone x2  
  63  4:49  Drone x2  
  63  4:52  Drone x2  
  69  4:54  Drone  
  69  4:57  Overlord  
  70  5:01  Drone  
  70  5:02  Drone x2  
  70  5:04  Extractor x2  
  71  5:10  Zergling x6  
  71  5:12  Baneling x4  
  74  5:15  Drone  
  74  5:16  Drone  
  74  5:19  Drone x5  
  81  5:23  Queen  
  81  5:27  Overlord  
  83  5:30  Lair  
  83  5:31  Drone  
  83  5:32  Drone  
  83  5:33  Drone  
  86  5:36  Overlord  
  86  5:40  Evolution Chamber  
  86  5:42  Evolution Chamber, Extractor x2  
  82  5:43  Drone x2  
  82  5:45  Drone  
  82  5:48  Drone  
  82  5:49  Drone  
  87  5:53  Drone x3  
  87  5:56  Drone  
  91  5:58  Drone  
  91  6:01  Overlord  
  90  6:06  Drone x2  
  90  6:10  Zergling x12  
  98  6:12  Zerg Ground Armor Level 1, Zerg Melee Weapons Level 1  
  98  6:18  Drone  
  99  6:19  Drone  
  99  6:21  Overlord  
  99  6:33  Zergling x14  
  99  6:35  Centrifical Hooks  
  99  6:36  Overseer  
  105  6:42  Overlord  
  105  6:43  Zergling x12  
  111  6:50  Overlord  
  111  6:52  Hatchery  
  110  6:57  Baneling x2  
  110  6:58  Baneling x4  
  110  6:59  Drone  
  111  7:02  Zergling x4  
  111  7:04  Overlord  
  111  7:06  Zergling x14  
  120  7:09  Drone  
  120  7:11  Zergling x4, Baneling  
  120  7:12  Baneling x4  
  120  7:13  Overlord  
  123  7:17  Zergling x2  
  123  7:20  Drone  
  125  7:24  Zergling x2  
  125  7:25  Baneling  
  125  7:29  Zergling x2  
  127  7:31  Drone  
  127  7:34  Zergling x2  
  124  7:42  Drone x2  
  124  7:44  Zergling x14  
  129  7:50  Drone x2  
  135  7:55  Drone, Spore Crawler  
  134  8:04  Baneling x3  
  134  8:05  Zergling x8  
  137  8:07  Drone, Zerg Ground Armor Level 2, Zerg Melee Weapons Level 2  
  137  8:08  Hatchery, Extractor  
  137  8:10  Drone  
  137  8:12  Baneling x3  
  138  8:14  Zergling x6  
  138  8:15  Baneling x3  
  138  8:16  Overseer, Baneling x2  
  138  8:19  Zergling x16  
  148  8:25  Zergling x2  
  137  8:27  Baneling x8  
  137  8:30  Zergling x6  
  137  8:31  Queen  
  139  8:36  Zergling x8  
  139  8:37  Hydralisk Den, Infestation Pit  
  139  8:39  Drone  
  137  8:42  Drone  
  137  8:44  Drone  
  137  8:45  Drone  
  137  8:47  Drone  
  137  8:48  Drone  
  137  8:54  Zergling x6  
  134  8:58  Drone  
  134  9:01  Zergling x8  
  137  9:03  Baneling x9  
  137  9:04  Baneling x4  
  137  9:06  Zergling x8  
  141  9:10  Zergling x8  
  143  9:17  Hive, Lurker Den, Hatchery  
  143  9:18  Baneling x6  
  143  9:20  Baneling x3  
  138  9:25  Zergling x10  
  137  9:31  Zergling x12  
  137  9:34  Zergling x6  
  137  9:37  Baneling x2  
  137  9:38  Zergling x6  
  148  9:45  Hydralisk x3  
  135  9:52  Baneling x5  
  134  9:55  Hydralisk x3  
  140  10:02  Zergling x2  
  140  10:03  Zergling x16  
  137  10:11  Zergling x16  
  137  10:12  Baneling  
  137  10:13  Baneling x9  
  145  10:18  Overlord  
  145  10:19  Extractor, Drone x2  
  145  10:20  Zergling x6  
  149  10:21  Baneling x4  
  138  10:28  Hydralisk x3  
  138  10:31  Zergling x12  
  138  10:34  Grooved Spines  
  147  10:38  Zergling x8  
  151  10:45  Extractor, Drone x3  
  151  10:47  Adrenal Glands  
  153  10:52  Overlord x4  
  153  10:56  Overlord  
  153  10:58  Overlord  
  153  11:02  Zergling x4  
  149  11:08  Seismic Spines  
  149  11:09  Overlord  
  149  11:11  Overseer  
  134  11:18  Zergling x8  
  134  11:19  Zergling x16  
  134  11:24  Viper  
  139  11:32  Lurker x2  
  139  11:33  Lurker  
  139  11:36  Zergling x2  
  139  11:37  Zergling x10  
  139  11:38  Baneling x2  
  145  11:42  Lurker  
  145  11:43  Zergling x2  
  145  11:44  Zergling x16  
  145  11:46  Overlord  
  155  11:50  Lurker  
  155  12:01  Lurker x2  
  157  12:02  Zergling x10  
  157  12:05  Adaptive Talons  
  161  12:13  Lurker  
  161  12:14  Lurker  
  162  12:15  Hydralisk x3  
  162  12:18  Hydralisk  
  162  12:19  Hatchery  
  168  12:27  Zergling x20  
  169  12:30  Zerg Missile Weapons Level 1  
  169  12:33  Zergling x4  
  154  12:38  Hydralisk x3  
  149  12:47  Hydralisk x3  
  142  12:54  Hydralisk x2  
  137  12:59  Hydralisk x2  
  137  13:06  Zergling x4  
  137  13:09  Baneling x5  
  137  13:10  Zergling x6  
  142  13:16  Lurker  
  142  13:17  Zergling x2  
  142  13:19  Zergling x10  
  149  13:25  Zergling x4  
  151  13:32  Hydralisk x4  
  159  13:34  Zergling x4  
  159  13:38  Muscular Augments  
  159  13:39  Zergling x6  
  160  13:43  Zergling x16  
  168  13:52  Zergling x12  
  168  13:55  Overseer  
  172  14:02  Lurker x4  
  173  14:03  Drone  
  173  14:06  Drone  
  173  14:08  Zergling x14  
  182  14:12  Lurker  
  183  14:18  Hydralisk x3  
  183  14:19  Zergling x4  
  183  14:21  Drone x2  
  183  14:23  Drone x2  
  188  14:26  Zergling x6  
  188  14:28  Zergling x2  
  192  14:31  Zergling x2  
  192  14:32  Zergling x4  
  192  14:36  Hydralisk x2  
  189  14:39  Lurker x2  
  189  14:41  Zergling x4  
  189  14:45  Zergling x8  
  197  14:49  Zergling x4  
  197  14:51  Zergling x2  
  197  14:52  Zergling x2  
  200  14:59  Zergling x2  
  190  15:00  Zergling x14  
  190  15:02  Zergling x4  
  190  15:03  Zergling x2  

Tags
 
Add a new tag
Caveats
  • Supply blocks, unpowered buildings, or Contaminate may cause inaccurate times.
  • Supply counts are checked every 10 seconds.